HSSL
MARIS SCHOOL MARINERS @ OVERLAND PARK HS TRIPLETS
04/12/2029
 
TOP OF THE 1ST
Maris School Mariners batting - Pitching for Overland Park HS Triplets : RHP Jason Vaughan
Pitching: RHP Jason Vaughan
Batting: RHB Miguel Vargas 0-0: Called Strike
0-1: Ball
1-1: Foul Ball, location: 2F
1-2: Strikes out looking
Batting: LHB Dave Booth 0-0: Fly out, F8 (Flyball, 8RD)
Batting: RHB Neal Sánchez 0-0: SOLO HOME RUN (Line Drive, 8LXD), Distance : 436 ft
Batting: LHB Alexander Randolph 0-0: Ball
1-0: Ball
2-0: Ball
3-0: Base on Balls
Batting: RHB Grant Reynolds 0-0: Ball
1-0: Called Strike
Alexander Randolph steals 2nd base
1-1: Ball
2-1: Ball
3-1: Base on Balls
Batting: SHB Rob Nelson 0-0: Called Strike
0-1: Ball
1-1: Ball
2-1: Ball
3-1: Base on Balls
Alexander Randolph to third
Grant Reynolds to second
Batting: RHB John Verville 0-0: Called Strike
0-1: Ball
1-1: Swinging Strike
1-2: Strikes out swinging
Top of the 1st over - 1 run, 1 hit, 0 errors, 3 left on base; Maris School 1 - Overland Park HS 0
BOTTOM OF THE 1ST
Overland Park HS Triplets batting - Pitching for Maris School Mariners : RHP Mike Barnes
Pitching: RHP Mike Barnes
Batting: LHB Esteban Pérez 0-0: Ball
1-0: Swinging Strike
1-1: Ball
2-1: Foul Ball, location: 2F
2-2: Strikes out swinging
Batting: LHB José Mendoza 0-0: Called Strike
0-1: Foul Ball, location: 2F
0-2: Strikes out swinging
Batting: RHB Emery Cooper 0-0: Called Strike
0-1: Ball
1-1: Swinging Strike
1-2: Strikes out swinging, 2-3 out at first.
Bottom of the 1st over - 0 runs, 0 hits, 0 errors, 0 left on base; Maris School 1 - Overland Park HS 0
TOP OF THE 2ND
Maris School Mariners batting - Pitching for Overland Park HS Triplets : RHP Jason Vaughan
Batting: SHB Albert Montgomery 0-0: Ball
1-0: Called Strike
1-1: Foul Ball, location: 2F
1-2: Foul Ball, location: 2F
1-2: Strikes out swinging
Batting: LHB Miguel Martínez 0-0: Ball
1-0: Ball
2-0: Fly out, F9 (Flyball, 89S)
Batting: RHB Miguel Vargas 0-0: Ball
1-0: Foul Ball, location: 2F
1-1: Swinging Strike
1-2: Foul Ball, location: 2F
1-2: Ball
2-2: Strikes out swinging
Top of the 2nd over - 0 runs, 0 hits, 0 errors, 0 left on base; Maris School 1 - Overland Park HS 0
BOTTOM OF THE 2ND
Overland Park HS Triplets batting - Pitching for Maris School Mariners : RHP Mike Barnes
Batting: RHB Alex Moran 0-0: Foul Ball, location: 2F
0-1: Foul Ball, location: 2F
0-2: Ball
1-2: Ball
2-2: Ball
3-2: SINGLE (Groundball, 6D)
Batting: RHB Pablo Quintanilla 0-0: Ball
1-0: Foul Ball, location: 2F
1-1: Foul Ball, location: 2F
1-2: Grounds into double play, 6-4-3 (Groundball, 6)
Batting: RHB Eddie Stanton 0-0: Ground out 4-3 (Groundball, 4)
Bottom of the 2nd over - 0 runs, 1 hit, 0 errors, 0 left on base; Maris School 1 - Overland Park HS 0
TOP OF THE 3RD
Maris School Mariners batting - Pitching for Overland Park HS Triplets : RHP Jason Vaughan
Batting: LHB Dave Booth 0-0: Called Strike
0-1: Swinging Strike
0-2: Foul Ball, location: 2F
0-2: DOUBLE (Flyball, 8LD)
Batting: RHB Neal Sánchez 0-0: Ball
1-0: Swinging Strike
1-1: Foul Ball, location: 2F
1-2: Ball
2-2: Fly out, F8 (Flyball, 8LM)
Batting: LHB Alexander Randolph 0-0: Called Strike
0-1: Called Strike
0-2: Foul Ball, location: 2F
0-2: Strikes out swinging
Batting: RHB Grant Reynolds 0-0: Ball
1-0: Ball
2-0: Ball
3-0: Called Strike
3-1: Base on Balls
Batting: SHB Rob Nelson 0-0: Ball
1-0: Called Strike
1-1: Called Strike
1-2: Strikes out swinging
Top of the 3rd over - 0 runs, 1 hit, 0 errors, 2 left on base; Maris School 1 - Overland Park HS 0
BOTTOM OF THE 3RD
Overland Park HS Triplets batting - Pitching for Maris School Mariners : RHP Mike Barnes
Batting: RHB Al Kelly 0-0: Ball
1-0: Foul Ball, location: 2F
1-1: Foul Ball, location: 2F
1-2: Ball
2-2: SINGLE (Line Drive, 4M)
Batting: SHB John Hansen 0-0: Ball
1-0: Ball
2-0: Foul Ball, location: 2F
2-1: Foul Ball, location: 2F
2-2: Strikes out swinging
Batting: RHB Paco Tapia 0-0: Ball
1-0: Ball
2-0: Called Strike
2-1: Ball
3-1: Base on Balls
Al Kelly to second
Batting: LHB Esteban Pérez 0-0: Called Strike
0-1: Ball
1-1: Foul Ball, location: 2F
1-2: Ball
2-2: Hit by Pitch
Al Kelly to third
Paco Tapia to second
Batting: LHB José Mendoza 0-0: Called Strike
0-1: Ball
1-1: DOUBLE (Line Drive, 5D)
Al Kelly scores
Paco Tapia scores
Esteban Pérez to third
Batting: RHB Emery Cooper 0-0: Called Strike
0-1: Ball
1-1: Called Strike
1-2: Ball
2-2: Ball
3-2: Strikes out swinging
Batting: RHB Alex Moran 0-0: Foul Ball, location: 2F
0-1: Foul Ball, location: 2F
0-2: Fly out, F4 (Line Drive, 4M)
Bottom of the 3rd over - 2 runs, 2 hits, 0 errors, 2 left on base; Maris School 1 - Overland Park HS 2
TOP OF THE 4TH
Maris School Mariners batting - Pitching for Overland Park HS Triplets : RHP Jason Vaughan
Batting: RHB John Verville 0-0: Called Strike
0-1: Ball
1-1: Fly out, F7 (Flyball, 7S)
Batting: SHB Albert Montgomery 0-0: Called Strike
0-1: Ball
1-1: Ball
2-1: Ball
3-1: Foul Ball, location: 2F
3-2: Strikes out swinging
Batting: LHB Miguel Martínez 0-0: Ball
1-0: Foul Ball, location: 2F
1-1: Foul Ball, location: 2F
1-2: Ball
2-2: Ground out 4-3 (Groundball, 4)
Top of the 4th over - 0 runs, 0 hits, 0 errors, 0 left on base; Maris School 1 - Overland Park HS 2
BOTTOM OF THE 4TH
Overland Park HS Triplets batting - Pitching for Maris School Mariners : RHP Mike Barnes
Batting: RHB Pablo Quintanilla 0-0: Ball
1-0: Foul Ball, location: 2F
1-1: Called Strike
1-2: Ball
2-2: Fly out, F8 (Flyball, 8RM)
Batting: RHB Eddie Stanton 0-0: Called Strike
0-1: Ball
1-1: Foul Ball, location: 2F
1-2: Ball
2-2: Strikes out looking
Batting: RHB Al Kelly 0-0: Ball
1-0: Foul Ball, location: 2F
1-1: Called Strike
1-2: Strikes out swinging
Bottom of the 4th over - 0 runs, 0 hits, 0 errors, 0 left on base; Maris School 1 - Overland Park HS 2
TOP OF THE 5TH
Maris School Mariners batting - Pitching for Overland Park HS Triplets : RHP Jason Vaughan
Batting: RHB Miguel Vargas 0-0: Ball
1-0: Ball
2-0: Foul Ball, location: 2F
2-1: Ground out 5-3 (Groundball, 56)
Batting: LHB Dave Booth 0-0: Ball
1-0: Ball
2-0: Ball
3-0: Base on Balls
Pitching: RHP Rusty Henderson
Batting: RHB Neal Sánchez 0-0: Swinging Strike
0-1: Called Strike
0-2: Strikes out looking
Batting: LHB Alexander Randolph 0-0: Called Strike
0-1: Ball
1-1: Ground out 4-3 (Groundball, 4D)
Top of the 5th over - 0 runs, 0 hits, 0 errors, 1 left on base; Maris School 1 - Overland Park HS 2
BOTTOM OF THE 5TH
Overland Park HS Triplets batting - Pitching for Maris School Mariners : RHP Mike Barnes
Batting: SHB John Hansen 0-0: SINGLE (Line Drive, 6M)
Batting: RHB Paco Tapia 0-0: Fly out, F5 (Flyball, 56D)
Batting: LHB Esteban Pérez 0-0: Called Strike
0-1: Ball
1-1: Fielders Choice at 2nd, 3-6 (Groundball, 3)
Batting: LHB José Mendoza 0-0: Called Strike
Esteban Pérez steals 2nd base
0-1: Foul Ball, location: 2F
0-2: Ball
1-2: Ball
2-2: Ball
3-2: Hit by Pitch
Pitching: RHP Marc Parker
Batting: RHB Emery Cooper 0-0: Ball
1-0: Fly out, F5 (Popup, 5L)
Bottom of the 5th over - 0 runs, 1 hit, 0 errors, 2 left on base; Maris School 1 - Overland Park HS 2
TOP OF THE 6TH
Maris School Mariners batting - Pitching for Overland Park HS Triplets : RHP Rusty Henderson
Batting: RHB Grant Reynolds 0-0: Ball
1-0: Called Strike
1-1: Ball
2-1: Ball
3-1: Base on Balls
Batting: SHB Rob Nelson 0-0: Called Strike
0-1: Ball
1-1: Swinging Strike
1-2: Ball
2-2: Foul Ball, location: 2F
2-2: Ball
3-2: Foul Ball, location: 2F
3-2: Strikes out looking
Batting: RHB John Verville 0-0: Called Strike
0-1: Foul Ball, location: 2F
0-2: Ground out U3 (Groundball, 23)
Grant Reynolds to second
Batting: SHB Albert Montgomery 0-0: Called Strike
0-1: Swinging Strike
0-2: Hit by Pitch
Batting: LHB Miguel Martínez 0-0: Ball
1-0: DOUBLE (Flyball, 78D)
Grant Reynolds scores
Albert Montgomery to third
Runner from 3rd tries for Home, SAFE, no throw
Pitching: RHP Clint Smith
Batting: RHB Miguel Vargas 0-0: Called Strike
0-1: Ball
1-1: Swinging Strike
1-2: Ball
2-2: Foul Ball, location: 2F
2-2: Foul Ball, location: 2F
2-2: Foul Ball, location: 2F
2-2: Foul Ball, location: 2F
2-2: Strikes out swinging
Top of the 6th over - 2 runs, 1 hit, 0 errors, 1 left on base; Maris School 3 - Overland Park HS 2
BOTTOM OF THE 6TH
Overland Park HS Triplets batting - Pitching for Maris School Mariners : RHP Marc Parker
Batting: RHB Alex Moran 0-0: Foul Ball, location: 2F
0-1: Foul Ball, location: 2F
0-2: Ball
1-2: Foul Ball, location: 2F
1-2: Foul Ball, location: 2F
1-2: SOLO HOME RUN (Flyball, 7LD), Distance : 341 ft
Batting: RHB Pablo Quintanilla 0-0: Ball
1-0: Fly out, F7 (Flyball, 7S)
Batting: RHB Eddie Stanton 0-0: Called Strike
0-1: Called Strike
0-2: Strikes out swinging
Batting: RHB Al Kelly 0-0: Ball
1-0: Called Strike
1-1: Swinging Strike
1-2: Foul Ball, location: 2F
1-2: Strikes out swinging
Bottom of the 6th over - 1 run, 1 hit, 0 errors, 0 left on base; Maris School 3 - Overland Park HS 3
TOP OF THE 7TH
Maris School Mariners batting - Pitching for Overland Park HS Triplets : RHP Clint Smith
Pitching: LHP Carl Orr
Batting: LHB Dave Booth 0-0: Ball
1-0: SINGLE (Groundball, 23) (infield hit)
Pitching: LHP Mark Jacobs
Batting: RHB Neal Sánchez 0-0: Foul Ball, location: 2F
0-1: Called Strike
0-2: Ball
1-2: Foul Ball, location: 2F
1-2: Strikes out swinging
Batting: LHB Alexander Randolph 0-0: Foul Ball, location: 2F
0-1: Called Strike
0-2: Fly out, F8 (Line Drive, 8LM)
Batting: RHB Grant Reynolds 0-0: DOUBLE (Flyball, 89D)
Dave Booth to third
Batting: SHB Rob Nelson 0-0: Called Strike
0-1: Ball
1-1: Called Strike
1-2: Ball
2-2: Ground out 6-3 (Groundball, 6M)
Top of the 7th over - 0 runs, 2 hits, 0 errors, 2 left on base; Maris School 3 - Overland Park HS 3
BOTTOM OF THE 7TH
Overland Park HS Triplets batting - Pitching for Maris School Mariners : RHP Marc Parker
Batting: SHB John Hansen 0-0: Called Strike
0-1: Foul Ball, location: 2F
0-2: Ball
1-2: Ball
2-2: Ball
3-2: Reached on error, E5 (Groundball, 5S)
Batting: RHB Paco Tapia 0-0: Bunted foul
0-1: Bunted foul
0-2: Ball
1-2: Ground out 5-3 (Groundball, 56)
John Hansen to second
Pitching: LHP Tony González
Pinch Hitting: RHB Scott Hurley 0-0: Intentional Walk
Batting: LHB José Mendoza 0-0: Ball
1-0: Called Strike
1-1: Foul Ball, location: 2F
1-2: Foul Ball, location: 2F
1-2: Reached on error, E5 (Groundball, 56S)
John Hansen scores
Scott Hurley to third
Pitching: RHP Jerome Smith
Batting: RHB Emery Cooper 0-0: Foul Ball, location: 2F
0-1: Ball
1-1: Foul Ball, location: 2F
1-2: Strikes out swinging
Batting: RHB Alex Moran 0-0: Called Strike
0-1: Foul Ball, location: 2F
0-2: Ball
Wild Pitch!
Scott Hurley scores
José Mendoza to third
1-2: SINGLE (Groundball, 56D)
José Mendoza scores
Batting: RHB Pablo Quintanilla 0-0: Foul Ball, location: 2F
0-1: Ball
1-1: Foul Ball, location: 2F
1-2: Ball
2-2: Ball
3-2: Foul Ball, location: 2F
3-2: Reached on error, E5 (Groundball, 56)
Alex Moran to second
Batting: RHB Eddie Stanton 0-0: Called Strike
0-1: Swinging Strike
0-2: Ball
1-2: Strikes out swinging
Bottom of the 7th over - 3 runs, 1 hit, 3 errors, 2 left on base; Maris School 3 - Overland Park HS 6
TOP OF THE 8TH
Maris School Mariners batting - Pitching for Overland Park HS Triplets : LHP Mark Jacobs
Now in CF: Carson Doss
Batting: RHB John Verville 0-0: SINGLE (Groundball, 56D)
Batting: SHB Albert Montgomery 0-0: Called Strike
0-1: Swinging Strike
0-2: Strikes out swinging
Batting: LHB Miguel Martínez 0-0: Fly out, F9 (Flyball, 89M)
Batting: RHB Miguel Vargas 0-0: Ball
Passed Ball!
John Verville to second
1-0: Ball
2-0: Foul Ball, location: 2F
2-1: Ball
3-1: Foul Ball, location: 2F
3-2: Foul Ball, location: 2F
3-2: Foul Ball, location: 2F
3-2: SINGLE (Line Drive, 4D)
John Verville to third
John Verville scores
Batting: LHB Dave Booth 0-0: Ball
1-0: Foul Ball, location: 2F
1-1: Foul Ball, location: 2F
1-2: Ball
2-2: Ball
3-2: Base on Balls
Miguel Vargas to second
Pitching: RHP Sean Kidd
Batting: RHB Neal Sánchez 0-0: SINGLE (Groundball, 6MD)
Miguel Vargas to third
Dave Booth to second
Runner from 3rd tries for Home, SAFE, throw made home
Batting: LHB Alexander Randolph 0-0: Ball
1-0: Ball
2-0: Foul Ball, location: 2F
2-1: SINGLE (Flyball, 89S)
Dave Booth to third
Neal Sánchez to second
Runner from 3rd tries for Home, throw and OUT!
Top of the 8th over - 2 runs, 4 hits, 0 errors, 2 left on base; Maris School 5 - Overland Park HS 6
BOTTOM OF THE 8TH
Overland Park HS Triplets batting - Pitching for Maris School Mariners : RHP Jerome Smith
Batting: RHB Al Kelly 0-0: Called Strike
0-1: Foul Ball, location: 2F
0-2: Ball
1-2: Foul Ball, location: 2F
1-2: Foul Ball, location: 2F
1-2: Foul Ball, location: 2F
1-2: Strikes out swinging
Batting: SHB John Hansen 0-0: Ground out 1-3 (Groundball, 15)
Batting: RHB Paco Tapia 0-0: Ball
1-0: Called Strike
1-1: Ball
2-1: Foul Ball, location: 2F
2-2: Foul Ball, location: 2F
2-2: Foul Ball, location: 2F
2-2: Ball
3-2: Base on Balls
Batting: RHB Carson Doss 0-0: Ball
1-0: Called Strike
1-1: Ball
Paco Tapia is caught stealing 2nd base
Bottom of the 8th over - 0 runs, 0 hits, 0 errors, 0 left on base; Maris School 5 - Overland Park HS 6
TOP OF THE 9TH
Maris School Mariners batting - Pitching for Overland Park HS Triplets : RHP Sean Kidd
Pitching: RHP Ray Taylor
Batting: RHB Grant Reynolds 0-0: SINGLE (Groundball, 6D)
Batting: SHB Rob Nelson 0-0: 2-RUN HOME RUN (Flyball, 9LD), Distance : 329 ft
Batting: RHB John Verville 0-0: Ball
1-0: Ball
2-0: Ball
3-0: Base on Balls
Batting: SHB Albert Montgomery 0-0: Sac Bunt - play at first, batter OUT! 3-4
John Verville to second
Batting: LHB Miguel Martínez 0-0: Intentional Walk
Batting: RHB Miguel Vargas 0-0: SINGLE (Groundball, 6MD)
John Verville to third
Miguel Martínez to second
Runner from 3rd tries for Home, SAFE, throw made home
Pitching: LHP Héctor García
Batting: LHB Dave Booth 0-0: Ball
1-0: Foul Ball, location: 2F
1-1: Called Strike
1-2: Strikes out swinging
Pitching: LHP Jim Tate
Batting: RHB Neal Sánchez 0-0: Ball
1-0: Ball
2-0: Ball
3-0: Called Strike
3-1: Base on Balls
Miguel Martínez to third
Miguel Vargas to second
Batting: LHB Alexander Randolph 0-0: Ball
1-0: Ball
2-0: Called Strike
2-1: Ball
3-1: Base on Balls
Miguel Martínez scores
Miguel Vargas to third
Neal Sánchez to second
Batting: RHB Grant Reynolds 0-0: Ball
1-0: Ball
2-0: Foul Ball, location: 2F
2-1: Foul Ball, location: 2F
2-2: Ball
3-2: Foul Ball, location: 2F
3-2: Foul Ball, location: 2F
3-2: GRAND SLAM HOME RUN (Flyball, 9LD), Distance : 335 ft
Batting: SHB Rob Nelson 0-0: Foul Ball, location: 2F
0-1: Ball
1-1: Ball
2-1: Foul Ball, location: 2F
2-2: Ball
3-2: Foul Ball, location: 2F
3-2: Foul Ball, location: 2F
3-2: Foul Ball, location: 2F
3-2: SINGLE (Groundball, 34D)
Batting: RHB John Verville 0-0: Ball
1-0: Ball
2-0: Ball
3-0: Called Strike
3-1: Base on Balls
Rob Nelson to second
Batting: SHB Albert Montgomery 0-0: Ball
1-0: Ball
2-0: Ball
3-0: Base on Balls
Rob Nelson to third
John Verville to second
Batting: LHB Miguel Martínez 0-0: Called Strike
0-1: Ball
1-1: Ball
2-1: Ground out 3-1 (Groundball, 2R)
Top of the 9th over - 8 runs, 5 hits, 0 errors, 3 left on base; Maris School 13 - Overland Park HS 6
BOTTOM OF THE 9TH
Overland Park HS Triplets batting - Pitching for Maris School Mariners : RHP Jerome Smith
Batting: RHB Carson Doss 0-0: Called Strike
0-1: Ball
1-1: Ball
2-1: Foul Ball, location: 2F
2-2: Foul Ball, location: 2F
2-2: Foul Ball, location: 2F
2-2: Strikes out swinging
Batting: LHB José Mendoza 0-0: Called Strike
0-1: Swinging Strike
0-2: Ball
1-2: Ground out 6-3 (Groundball, 6)
Batting: RHB Emery Cooper 0-0: Called Strike
0-1: SOLO HOME RUN (Flyball, 7LD), Distance : 362 ft
Batting: RHB Alex Moran 0-0: Ball
1-0: Ball
2-0: Foul Ball, location: 2F
2-1: Ball
3-1: Foul Ball, location: 2F
3-2: Foul Ball, location: 2F
3-2: Foul Ball, location: 2F
3-2: SINGLE (Groundball, 4MD)
Batting: RHB Pablo Quintanilla 0-0: Called Strike
0-1: SINGLE (Groundball, 56D)
Alex Moran to second
Batting: RHB Eddie Stanton 0-0: Ball
1-0: Ball
2-0: Ball
3-0: Base on Balls
Alex Moran to third
Pablo Quintanilla to second
Batting: RHB Al Kelly 0-0: Foul Ball, location: 2F
0-1: Ball
1-1: Ball
2-1: Foul Ball, location: 2F
2-2: Ball
3-2: Foul Ball, location: 2F
3-2: Base on Balls
Alex Moran scores
Pablo Quintanilla to third
Eddie Stanton to second
Pitching: RHP Mike George
Batting: SHB John Hansen 0-0: Ball
1-0: Ball
2-0: Ball
3-0: Base on Balls
Pablo Quintanilla scores
Eddie Stanton to third
Al Kelly to second
Batting: RHB Paco Tapia 0-0: Fly out, F6 (Popup, 6M)
Bottom of the 9th over - 3 runs, 3 hits, 0 errors, 3 left on base; Maris School 13 - Overland Park HS 9
Saturday, December 16th, 2017 - OOTP Baseball 18.8 Build 76